Gangsters vs Harfangs
Created - December 23, 2018 at 19:35
Goals
|
| Gangsters |
1 |
0 |
2 |
1 |
4 |
| Harfangs |
0 |
3 |
0 |
0 |
3 |
|
Shots
|
| Gangsters |
9 |
1 |
9 |
1 |
20 |
| Harfangs |
9 |
5 |
11 |
0 |
25 |
|
1st period
1. Gangsters , Dave Dziurzynski 20 (Devante Smith-Pelly 20, Maxime Sauvé 27) at 5:55 (PP)
Penalties :
Dylan Olsen (BEA) for Hooking (Minor) at 5:24, Jonas Brodin (Bro) for Tripping (Minor) at 7:31
2nd period
2. Harfangs , Jimmy Hayes 18 (Calle Jarnkrok 20, Andreas Martinsen 13) at 4:04
3. Harfangs , Jimmy Hayes 19 (Andreas Martinsen 14, Calle Jarnkrok 21) at 4:14
4. Harfangs , Andreas Martinsen 9 (Jimmy Hayes 22, Calle Jarnkrok 22) at 19:37
Penalties :
Alexander Wennberg (Bro) for Holding (Minor) at 7:07, Jimmy Hayes (BEA) for Roughing (Minor) at 19:58
3rd period
5. Gangsters , Maxime Sauvé 19 (Devante Smith-Pelly 21, Dave Dziurzynski 22) at 4:29
6. Gangsters , Dave Dziurzynski 21 (Morgan Ellis 9, Devante Smith-Pelly 22) at 6:29
Penalties :
No Penalty
Overtime #1
7. Gangsters , Alexander Wennberg 16 (Kevin Roy 1, Morgan Ellis 10) at 0:50
Penalties :
No Penalty
Goalie Stats
Dustin Tokarski (Bro), 22 saves from 25 shots - (0.880), W, 10-12-1, 60:50 minutes
Anton Forsberg (BEA), 16 saves from 20 shots - (0.800), OTL, 8-8-1, 60:50 minutes
Players Stats for Gangsters
Player Name G A P +/- PIM S H SB GA TA FO MP PP MP PK MP
------------------------------------------------------------------------------------
Alexander Wennberg 1 0 1 0 2 2 2 0 2 0 2/2 15:58 0:00 0:00
Austen Brassard 0 0 0 0 0 0 1 1 0 0 0/0 7:37 0:00 0:00
Brett Ponich 0 0 0 2 0 0 1 1 0 0 0/0 20:02 0:44 1:56
Dave Dziurzynski 2 1 3 0 0 5 1 0 1 0 1/1 19:17 1:44 1:02
David Pope 0 0 0 0 0 1 1 0 0 0 0/0 15:15 0:46 0:28
Derrick Pouliot 0 0 0 -2 0 0 0 1 0 0 0/0 14:07 0:00 0:44
Devante Smith-Pelly 0 3 3 0 0 2 2 0 1 1 0/0 19:27 1:44 1:02
Jonas Brodin 0 0 0 -2 2 0 0 0 0 0 0/0 14:12 0:00 0:44
Kevin Roy 0 1 1 1 0 0 0 0 0 0 0/0 7:07 0:00 0:00
Matt Delahey 0 0 0 0 0 1 3 1 1 0 0/0 26:06 1:46 1:18
Maxime Sauvé 1 1 2 0 0 2 2 1 0 0 17/29 22:21 1:44 2:09
Morgan Ellis 0 2 2 2 0 1 0 0 0 1 0/0 19:42 0:44 1:56
Patrik Nemeth 0 0 0 0 0 3 1 2 0 2 0/0 26:22 1:46 1:18
Phillip Danault 0 0 0 -1 0 1 1 0 0 0 0/0 15:37 0:00 0:19
Sebastian Collberg 0 0 0 -1 0 0 1 1 0 0 0/0 14:34 0:00 0:00
Seth Griffith 0 0 0 0 0 0 1 0 0 0 0/1 9:12 0:00 0:47
Stefan Noesen 0 0 0 0 0 1 2 1 0 1 1/1 14:57 0:46 0:00
Tomas Hertl 0 0 0 0 0 1 6 0 0 1 1/8 17:27 0:46 2:09
Players Stats for Harfangs
Player Name G A P +/- PIM S H SB GA TA FO MP PP MP PK MP
------------------------------------------------------------------------------------
Andreas Martinsen 1 2 3 2 0 2 2 0 1 0 0/0 19:44 2:20 0:51
Blake Heinrich 0 0 0 0 0 2 0 0 0 0 0/0 14:34 0:33 0:00
Brandon Pirri 0 0 0 -1 0 1 0 0 1 1 0/0 14:41 0:01 0:00
Brenden Kichton 0 0 0 -1 0 0 0 1 0 1 0/0 20:46 0:53 0:50
Calle Jarnkrok 0 3 3 2 0 2 0 0 0 0 14/23 18:50 2:20 0:00
Colton Sissons 0 0 0 -1 0 0 2 0 0 0 0/3 14:46 0:01 0:43
Cristoval Nieves 0 0 0 0 0 0 0 0 1 0 2/2 10:26 0:00 0:10
Dustin Jeffrey 0 0 0 0 0 3 2 0 1 0 0/0 10:25 0:00 0:00
Dylan Olsen 0 0 0 1 2 1 2 1 0 0 0/0 24:47 2:32 1:09
Jimmy Hayes 2 1 3 1 2 7 2 2 0 0 0/2 20:05 2:20 0:31
Jujhar Khaira 0 0 0 -1 0 0 2 0 0 2 0/0 14:31 0:01 0:18
Michael Bournival 0 0 0 0 0 3 0 0 1 0 0/0 15:29 1:37 0:59
Oscar Sundqvist 0 0 0 0 0 0 1 1 1 0 4/11 15:36 1:37 1:28
Reid McNeill 0 0 0 1 0 0 0 3 0 1 0/0 25:06 2:32 1:40
Rinat Valiev 0 0 0 0 0 0 2 0 0 0 0/0 15:03 0:33 0:31
Ryan Hartman 0 0 0 0 0 3 1 0 0 0 0/0 10:18 0:00 0:00
Tomas Kubalik 0 0 0 -1 0 1 3 0 0 0 0/1 15:00 1:37 0:00
Zac Leslie 0 0 0 -1 0 0 3 0 0 0 0/0 20:41 0:53 0:50
3 Stars
1 - Dave Dziurzynski (Bro)
2 - Andreas Martinsen (BEA)
3 - Jimmy Hayes (BEA)
Power Play
Gangsters - 1 on 2 Attempt(s) - 50.00%
Harfangs - 0 on 2 Attempt(s) - 0.00%
Penalty Kill
Gangsters - 2 on 2 Attempt(s) - 100.00%
- Score 0 goal in Penalty Kill
Harfangs - 1 on 2 Attempt(s) - 50.00%
- Score 0 goal in Penalty Kill
Team Stat
Gangsters - Hits : 25 - Faceoff Wins : 22 - Blocked Shots : 9 - Penalty Minutes : 4
Harfangs - Hits : 22 - Faceoff Wins : 20 - Blocked Shots : 8 - Penalty Minutes : 4
Official
Referees : Unknown
Linesman : Unknown
Game Notes
No Game Note
Finance
Level 1 -- Attendance: 1497 (74.85%) -- Ticket Income $50,898
Level 2 -- Attendance: 770 (77.00%) -- Ticket Income $14,630
Total Attendance: 2267 (75.57%)
Total Ticket Income: $65,528
Other Income: $3,276
Total Income: $68,804
Gangsters
5 vs 5 Forward
Center Left Wing Right Wing Time % Phy DF OF
1 Maxime Sauvé Dave Dziurzynski Devante Smith-Pelly 40 1 2 2
2 Tomas Hertl David Pope Stefan Noesen 30 1 2 2
3 Alexander Wennberg Phillip Danault Sebastian Collberg 20 1 2 2
4 Seth Griffith Maxime Sauvé Austen Brassard 10 1 2 2
5 vs 5 Defense
Defense Defense Time % Phy DF OF
1 Patrik Nemeth Matt Delahey 40 1 2 2
2 Morgan Ellis Brett Ponich 30 1 2 2
3 Jonas Brodin Derrick Pouliot 20 1 2 2
4 Patrik Nemeth Matt Delahey 10 1 2 2
PowerPlay Forward
Center Left Wing Right Wing Time % Phy DF OF
1 Maxime Sauvé Dave Dziurzynski Devante Smith-Pelly 60 1 2 2
2 Tomas Hertl David Pope Stefan Noesen 40 1 2 2
PowerPlay Defense
Defense Defense Time % Phy DF OF
1 Patrik Nemeth Matt Delahey 60 1 2 2
2 Morgan Ellis Brett Ponich 40 1 2 2
Penalty Kill 4 Players Forward
Center Wing Time % Phy DF OF
1 Maxime Sauvé Tomas Hertl 60 1 2 2
2 Dave Dziurzynski Devante Smith-Pelly 40 1 2 2
Penalty Kill 4 Players Defense
Defense Defense Time % Phy DF OF
1 Patrik Nemeth Matt Delahey 60 1 2 2
2 Morgan Ellis Brett Ponich 40 1 2 2
Penalty Kill - 3 Players Forward
Forward Time % Phy DF OF
1 Maxime Sauvé 60 1 2 2
2 Tomas Hertl 40 1 2 2
Penalty Kill - 3 Players Defense
Defense Defense Time % Phy DF OF
1 Patrik Nemeth Matt Delahey 60 1 2 2
2 Morgan Ellis Brett Ponich 40 1 2 2
4 vs 4 Forward
Center Wing Time % Phy DF OF
1 Maxime Sauvé Tomas Hertl 60 1 2 2
2 Dave Dziurzynski Devante Smith-Pelly 40 1 2 2
4 vs 4 Defense
Defense Defense Time % Phy DF OF
1 Patrik Nemeth Matt Delahey 60 1 2 2
2 Morgan Ellis Brett Ponich 40 1 2 2
Last Minutes Offensive
Center Left Wing Right Wing Defense Defense
Maxime Sauvé Dave Dziurzynski Devante Smith-Pelly Patrik Nemeth Matt Delahey
Last Minutes Defensive
Center Left Wing Right Wing Defense Defense
Maxime Sauvé Dave Dziurzynski Devante Smith-Pelly Patrik Nemeth Matt Delahey
Goaltenders
Starting : Dustin Tokarski
Backup : Mike Condon
Extra Forwards
Normal : Kevin Roy, Alexander Wennberg, Seth Griffith - PP : Kevin Roy, Alexander Wennberg - PK : Seth Griffith
Extra Defensemen
Normal : Jonas Brodin, Derrick Pouliot, Morgan Ellis - PP : Jonas Brodin - PK : Derrick Pouliot, Morgan Ellis
Penalty Shots
Maxime Sauvé, Tomas Hertl, Dave Dziurzynski, Devante Smith-Pelly, Alexander Wennberg
Scratches
Jordan Subban (Healthy), Ryan Culkin (Healthy), Steven Santini (Healthy), Jordan Binnington (Healthy)
Harfangs
5 vs 5 Forward
Center Left Wing Right Wing Time % Phy DF OF
1 Calle Jarnkrok Andreas Martinsen Jimmy Hayes 40 0 1 4
2 Oscar Sundqvist Michael Bournival Tomas Kubalik 30 0 1 4
3 Colton Sissons Jujhar Khaira Brandon Pirri 20 0 1 4
4 Cristoval Nieves Dustin Jeffrey Ryan Hartman 10 0 4 1
5 vs 5 Defense
Defense Defense Time % Phy DF OF
1 Dylan Olsen Reid McNeill 40 1 3 1
2 Brenden Kichton Zac Leslie 30 1 3 1
3 Blake Heinrich Rinat Valiev 20 1 3 1
4 Dylan Olsen Reid McNeill 10 1 3 1
PowerPlay Forward
Center Left Wing Right Wing Time % Phy DF OF
1 Calle Jarnkrok Andreas Martinsen Jimmy Hayes 60 0 1 4
2 Oscar Sundqvist Michael Bournival Tomas Kubalik 40 0 1 4
PowerPlay Defense
Defense Defense Time % Phy DF OF
1 Dylan Olsen Reid McNeill 60 0 2 3
2 Brenden Kichton Zac Leslie 40 0 2 3
Penalty Kill 4 Players Forward
Center Wing Time % Phy DF OF
1 Oscar Sundqvist Jimmy Hayes 60 0 4 1
2 Calle Jarnkrok Dustin Jeffrey 40 0 4 1
Penalty Kill 4 Players Defense
Defense Defense Time % Phy DF OF
1 Dylan Olsen Reid McNeill 60 1 4 0
2 Brenden Kichton Zac Leslie 40 1 4 0
Penalty Kill - 3 Players Forward
Forward Time % Phy DF OF
1 Oscar Sundqvist 60 0 4 1
2 Calle Jarnkrok 40 0 4 1
Penalty Kill - 3 Players Defense
Defense Defense Time % Phy DF OF
1 Dylan Olsen Reid McNeill 60 1 4 0
2 Brenden Kichton Zac Leslie 40 1 4 0
4 vs 4 Forward
Center Wing Time % Phy DF OF
1 Jimmy Hayes Tomas Kubalik 60 0 2 3
2 Brandon Pirri Andreas Martinsen 40 0 2 3
4 vs 4 Defense
Defense Defense Time % Phy DF OF
1 Dylan Olsen Reid McNeill 60 1 3 1
2 Brenden Kichton Zac Leslie 40 1 3 1
Last Minutes Offensive
Center Left Wing Right Wing Defense Defense
Calle Jarnkrok Andreas Martinsen Jimmy Hayes Dylan Olsen Reid McNeill
Last Minutes Defensive
Center Left Wing Right Wing Defense Defense
Calle Jarnkrok Andreas Martinsen Jimmy Hayes Dylan Olsen Reid McNeill
Goaltenders
Starting : Anton Forsberg
Backup : Zachary Fucale
Extra Forwards
Normal : Colton Sissons, Jujhar Khaira, Michael Bournival - PP : Colton Sissons, Jujhar Khaira - PK : Michael Bournival
Extra Defensemen
Normal : Blake Heinrich, Rinat Valiev, Brenden Kichton - PP : Blake Heinrich - PK : Rinat Valiev, Brenden Kichton
Penalty Shots
Jimmy Hayes, Tomas Kubalik, Brandon Pirri, Andreas Martinsen, Calle Jarnkrok
Scratches
Jake Dotchin (Healthy), Morgan Klimchuk (Healthy), Nick Sorensen (Healthy), Laurent Dauphin (Healthy), Mark Alt (Healthy)
Brendan Leipsic (Healthy), Erik Nystrom (Healthy), Steve McCarthy (Healthy), Brian Lashoff (Healthy), Jason Kasdorf (Healthy)
Mark Visentin (Healthy), Scott Wedgewood (Healthy)
% Time on Ice - Gangsters
Lines # - Real PCT - Wanted PCT - Time Play
Normal Forward
1 - 32% - 40% - 17:19
2 - 28% - 30% - 15:07
3 - 27% - 20% - 14:34
4 - 12% - 10% - 6:32
Normal Defense
1 - 37% - 40% - 19:55
2 - 32% - 30% - 17:21
3 - 24% - 20% - 13:01
4 - 6% - 10% - 3:15
PP Forward
1 - 69% - 60% - 1:44
2 - 31% - 40% - 0:46
PP Defense
1 - 71% - 60% - 1:46
2 - 29% - 40% - 0:44
PK Forward
1 - 74% - 60% - 2:56
2 - 26% - 40% - 1:02
PK Defense
1 - 33% - 60% - 1:18
2 - 67% - 40% - 2:40
PK3 Forward
1 - 0% - 60%
2 - 0% - 40%
PK3 Defense
1 - 0% - 60%
2 - 0% - 40%
44 Forward
1 - 94% - 60% - 0:47
2 - 6% - 40% - 0:03
44 Defense
1 - 58% - 60% - 0:29
2 - 42% - 40% - 0:21
Last Minute Offensive - 0:00
Last Minute Defensive - 0:00
Total
Forward - 60:50
Defense - 60:50
|
% Time on Ice - Harfangs
Lines # - Real PCT - Wanted PCT - Time Play
Normal Forward
1 - 32% - 40% - 17:05
2 - 25% - 30% - 13:10
3 - 24% - 20% - 13:05
4 - 19% - 10% - 10:12
Normal Defense
1 - 37% - 40% - 19:39
2 - 34% - 30% - 18:26
3 - 25% - 20% - 13:13
4 - 4% - 10% - 2:14
PP Forward
1 - 59% - 60% - 2:21
2 - 41% - 40% - 1:37
PP Defense
1 - 64% - 60% - 2:32
2 - 36% - 40% - 1:26
PK Forward
1 - 100% - 60% - 2:30
2 - 0% - 40% - 0:00
PK Defense
1 - 67% - 60% - 1:40
2 - 33% - 40% - 0:50
PK3 Forward
1 - 0% - 60%
2 - 0% - 40%
PK3 Defense
1 - 0% - 60%
2 - 0% - 40%
44 Forward
1 - 100% - 60% - 0:50
2 - 0% - 40% - 0:00
44 Defense
1 - 64% - 60% - 0:32
2 - 36% - 40% - 0:18
Last Minute Offensive - 0:00
Last Minute Defensive - 0:00
Total
Forward - 60:50
Defense - 60:50
|
Play by Play
1st period
0:01 of 1st period - Maxime Sauvé wins face-off versus Calle Jarnkrok in neutral zone.
2:06 of 1st period - Brett Ponich is hit by Rinat Valiev and loses puck.
2:16 of 1st period - Off-side.
2:17 of 1st period - Stefan Noesen wins face-off versus Calle Jarnkrok in neutral zone.
2:20 of 1st period - Jimmy Hayes is hit by Tomas Hertl and loses puck.
2:54 of 1st period - Slapshot by Michael Bournival.
2:54 of 1st period - Shot Blocked by Derrick Pouliot.
2:56 of 1st period - Snap shot by Michael Bournival.
2:56 of 1st period - Stopped by Dustin Tokarski with a rebound.
3:08 of 1st period - Zac Leslie is hit by Devante Smith-Pelly and loses puck.
3:51 of 1st period - Calle Jarnkrok is hit by Alexander Wennberg and loses puck.
4:00 of 1st period - Wrist shot by Andreas Martinsen.
4:00 of 1st period - Deflect By Calle Jarnkrok.
4:00 of 1st period - Shot Blocked by Brett Ponich.
4:00 of 1st period - Puck is out of play.
4:01 of 1st period - Maxime Sauvé wins face-off versus Oscar Sundqvist in Gangsters zone.
4:37 of 1st period - Snap shot by Patrik Nemeth.
4:37 of 1st period - Stopped by Anton Forsberg with a rebound.
5:13 of 1st period - Slapshot by Maxime Sauvé.
5:13 of 1st period - Stopped by Anton Forsberg with a rebound.
5:15 of 1st period - Slapshot by Brett Ponich.
5:15 of 1st period - Shot Misses the Net.
5:17 of 1st period - Slapshot by Morgan Ellis.
5:17 of 1st period - Shot Misses the Net.
5:19 of 1st period - Wrist shot by Devante Smith-Pelly.
5:19 of 1st period - Stopped by Anton Forsberg without a rebound.
5:20 of 1st period - Tomas Hertl wins face-off versus Calle Jarnkrok in Harfangs zone.
5:24 of 1st period - Minor Penalty to Dylan Olsen for Hooking.
5:25 of 1st period - Maxime Sauvé wins face-off versus Oscar Sundqvist in Harfangs zone.
5:35 of 1st period - Backhand shot by Dave Dziurzynski.
5:35 of 1st period - Deflect By Maxime Sauvé.
5:35 of 1st period - Shot Blocked by Jimmy Hayes.
5:35 of 1st period - Puck is out of play.
5:36 of 1st period - Maxime Sauvé wins face-off versus Jimmy Hayes in Harfangs zone.
5:37 of 1st period - Snap shot by Devante Smith-Pelly.
5:37 of 1st period - Shot Blocked by Reid McNeill.
5:39 of 1st period - Wrist shot by Dave Dziurzynski.
5:39 of 1st period - Stopped by Anton Forsberg without a rebound.
5:40 of 1st period - Maxime Sauvé wins face-off versus Oscar Sundqvist in Harfangs zone.
5:53 of 1st period - Snap shot by Devante Smith-Pelly.
5:53 of 1st period - Shot Misses the Net.
5:55 of 1st period - Snap shot by Dave Dziurzynski.
5:55 of 1st period - Deflect By Oscar Sundqvist.
5:55 of 1st period - Goal by Dave Dziurzynski - Gangsters : 1 - Harfangs : 0.
5:56 of 1st period - Dave Dziurzynski wins face-off versus Calle Jarnkrok in neutral zone.
6:01 of 1st period - Snap shot by Dave Dziurzynski.
6:01 of 1st period - Stopped by Anton Forsberg with a rebound.
6:03 of 1st period - Slapshot by Patrik Nemeth.
6:03 of 1st period - Stopped by Anton Forsberg with a rebound.
6:05 of 1st period - Snap shot by Matt Delahey.
6:05 of 1st period - Shot Blocked by Jimmy Hayes.
6:09 of 1st period - Backhand shot by Maxime Sauvé.
6:09 of 1st period - Deflect By Devante Smith-Pelly.
6:09 of 1st period - Shot Misses the Net.
6:09 of 1st period - Puck is out of play.
6:10 of 1st period - Maxime Sauvé wins face-off versus Oscar Sundqvist in Harfangs zone.
6:44 of 1st period - Snap shot by Jimmy Hayes.
6:44 of 1st period - Stopped by Dustin Tokarski with a rebound.
6:46 of 1st period - Wrist shot by Calle Jarnkrok.
6:46 of 1st period - Stopped by Dustin Tokarski without a rebound.
6:47 of 1st period - Maxime Sauvé wins face-off versus Colton Sissons in Gangsters zone.
7:31 of 1st period - Minor Penalty to Jonas Brodin for Tripping.
7:32 of 1st period - Calle Jarnkrok wins face-off versus Maxime Sauvé in Gangsters zone.
7:37 of 1st period - Wrist shot by Calle Jarnkrok.
7:37 of 1st period - Shot Blocked by Patrik Nemeth.
7:43 of 1st period - Snap shot by Jimmy Hayes.
7:43 of 1st period - Shot Blocked by Patrik Nemeth.
7:45 of 1st period - Slapshot by Dylan Olsen.
7:45 of 1st period - Shot Blocked by Maxime Sauvé.
7:47 of 1st period - Wrist shot by Jimmy Hayes.
7:47 of 1st period - Stopped by Dustin Tokarski without a rebound.
7:48 of 1st period - Calle Jarnkrok wins face-off versus Maxime Sauvé in Gangsters zone.
8:01 of 1st period - Snap shot by Andreas Martinsen.
8:01 of 1st period - Deflect By Jimmy Hayes.
8:01 of 1st period - Stopped by Dustin Tokarski with a rebound.
8:21 of 1st period - Snap shot by Dylan Olsen.
8:21 of 1st period - Stopped by Dustin Tokarski with a rebound.
9:15 of 1st period - Dylan Olsen is hit by Matt Delahey and loses puck.
9:31 of 1st period - Penalty to Jonas Brodin is over, Jonas Brodin is back on ice.
9:52 of 1st period - Slapshot by Matt Delahey.
9:52 of 1st period - Stopped by Anton Forsberg with a rebound.
10:29 of 1st period - Devante Smith-Pelly is hit by Oscar Sundqvist and loses puck.
11:50 of 1st period - Sebastian Collberg is hit by Zac Leslie and loses puck.
12:15 of 1st period - Wrist shot by Dustin Jeffrey.
12:15 of 1st period - Stopped by Dustin Tokarski with a rebound.
12:17 of 1st period - Snap shot by Blake Heinrich.
12:17 of 1st period - Stopped by Dustin Tokarski with a rebound.
12:19 of 1st period - Snap shot by Blake Heinrich.
12:19 of 1st period - Shot Misses the Net.
12:49 of 1st period - Calle Jarnkrok is hit by Brett Ponich and loses puck.
13:00 of 1st period - Jimmy Hayes is hit by Austen Brassard and loses puck.
13:35 of 1st period - Sebastian Collberg is hit by Andreas Martinsen and loses puck.
13:56 of 1st period - Slapshot by Jimmy Hayes.
13:56 of 1st period - Stopped by Dustin Tokarski without a rebound.
13:57 of 1st period - Oscar Sundqvist wins face-off versus Tomas Hertl in Gangsters zone.
16:05 of 1st period - Dustin Jeffrey is hit by Phillip Danault and loses puck.
16:36 of 1st period - Reid McNeill is hit by David Pope and loses puck.
16:49 of 1st period - Snap shot by Alexander Wennberg.
16:49 of 1st period - Stopped by Anton Forsberg with a rebound.
17:39 of 1st period - Phillip Danault is hit by Jimmy Hayes and loses puck.
17:50 of 1st period - Oscar Sundqvist is hit by Tomas Hertl and loses puck.
18:18 of 1st period - Snap shot by Cristoval Nieves.
18:18 of 1st period - Shot Blocked by Austen Brassard.
19:36 of 1st period - Dylan Olsen is hit by Stefan Noesen.
Goals for this period are 1 for Gangsters vs 0 for Harfangs.
Shots for this period are 9 for Gangsters vs 9 for Harfangs.
2nd period
0:01 of 2nd period - Calle Jarnkrok wins face-off versus Maxime Sauvé in neutral zone.
0:33 of 2nd period - Dylan Olsen is hit by Maxime Sauvé and loses puck.
1:17 of 2nd period - Off-side.
1:18 of 2nd period - Calle Jarnkrok wins face-off versus Tomas Hertl in neutral zone.
1:23 of 2nd period - Snap shot by Jimmy Hayes.
1:23 of 2nd period - Stopped by Dustin Tokarski with a rebound.
1:43 of 2nd period - Zac Leslie is hit by Matt Delahey and loses puck.
2:04 of 2nd period - Wrist shot by Oscar Sundqvist.
2:04 of 2nd period - Shot Blocked by Stefan Noesen.
3:27 of 2nd period - Off-side.
3:28 of 2nd period - Cristoval Nieves wins face-off versus Tomas Hertl in neutral zone.
3:33 of 2nd period - Wrist shot by Dustin Jeffrey.
3:33 of 2nd period - Shot Misses the Net.
4:04 of 2nd period - Slapshot by Jimmy Hayes.
4:04 of 2nd period - Goal by Jimmy Hayes - Gangsters : 1 - Harfangs : 1.
4:05 of 2nd period - Calle Jarnkrok wins face-off versus Maxime Sauvé in neutral zone.
4:14 of 2nd period - Slapshot by Jimmy Hayes.
4:14 of 2nd period - Goal by Jimmy Hayes - Gangsters : 1 - Harfangs : 2.
4:15 of 2nd period - Calle Jarnkrok wins face-off versus Maxime Sauvé in neutral zone.
4:40 of 2nd period - Dylan Olsen is hit by Patrik Nemeth.
4:50 of 2nd period - Backhand shot by Tomas Kubalik.
4:50 of 2nd period - Shot Misses the Net.
5:02 of 2nd period - Snap shot by Alexander Wennberg.
5:02 of 2nd period - Shot Misses the Net.
5:49 of 2nd period - Alexander Wennberg is hit by Dustin Jeffrey.
6:29 of 2nd period - Snap shot by Phillip Danault.
6:29 of 2nd period - Stopped by Anton Forsberg with a rebound.
6:43 of 2nd period - Sebastian Collberg is hit by Zac Leslie and loses puck.
6:56 of 2nd period - Snap shot by Ryan Hartman.
6:56 of 2nd period - Stopped by Dustin Tokarski with a rebound.
7:07 of 2nd period - Minor Penalty to Alexander Wennberg for Holding.
7:08 of 2nd period - Calle Jarnkrok wins face-off versus Maxime Sauvé in Gangsters zone.
7:48 of 2nd period - Dave Dziurzynski is hit by Tomas Kubalik and loses puck.
9:07 of 2nd period - Penalty to Alexander Wennberg is over, Alexander Wennberg is back on ice.
9:12 of 2nd period - Morgan Ellis is hit by Jujhar Khaira and loses puck.
11:57 of 2nd period - Dustin Jeffrey is hit by Seth Griffith and loses puck.
12:58 of 2nd period - Reid McNeill is hit by Tomas Hertl.
15:59 of 2nd period - Devante Smith-Pelly is hit by Colton Sissons.
16:03 of 2nd period - Dylan Olsen is hit by Devante Smith-Pelly and loses puck.
17:01 of 2nd period - Colton Sissons is hit by Tomas Hertl and loses puck.
17:14 of 2nd period - David Pope is hit by Zac Leslie and loses puck.
18:13 of 2nd period - Morgan Ellis is hit by Dustin Jeffrey and loses puck.
18:34 of 2nd period - Austen Brassard is hit by Andreas Martinsen and loses puck.
18:45 of 2nd period - Austen Brassard is hit by Colton Sissons and loses puck.
19:00 of 2nd period - Michael Bournival is hit by Stefan Noesen and loses puck.
19:07 of 2nd period - Tomas Hertl is hit by Tomas Kubalik and loses puck.
19:20 of 2nd period - Ryan Hartman is hit by Sebastian Collberg and loses puck.
19:37 of 2nd period - Wrist shot by Andreas Martinsen.
19:37 of 2nd period - Goal by Andreas Martinsen - Gangsters : 1 - Harfangs : 3.
19:38 of 2nd period - Maxime Sauvé wins face-off versus Calle Jarnkrok in neutral zone.
19:45 of 2nd period - Snap shot by Jimmy Hayes.
19:45 of 2nd period - Shot Misses the Net.
19:58 of 2nd period - Minor Penalty to Jimmy Hayes for Roughing.
19:59 of 2nd period - Maxime Sauvé wins face-off versus Oscar Sundqvist in Harfangs zone.
19:59 of 2nd period - Snap shot by Devante Smith-Pelly.
19:59 of 2nd period - Shot Blocked by Reid McNeill.
Goals for this period are 0 for Gangsters vs 3 for Harfangs.
Shots for this period are 1 for Gangsters vs 5 for Harfangs.
3rd period
0:01 of 3rd period - Oscar Sundqvist wins face-off versus Maxime Sauvé in neutral zone.
0:16 of 3rd period - Wrist shot by Dave Dziurzynski.
0:16 of 3rd period - Shot Blocked by Oscar Sundqvist.
0:33 of 3rd period - Wrist shot by Stefan Noesen.
0:33 of 3rd period - Stopped by Anton Forsberg with a rebound.
0:35 of 3rd period - Wrist shot by Stefan Noesen.
0:35 of 3rd period - Shot Misses the Net.
1:54 of 3rd period - Dave Dziurzynski is hit by Jujhar Khaira and loses puck.
1:58 of 3rd period - Penalty to Jimmy Hayes is over, Jimmy Hayes is back on ice.
2:07 of 3rd period - Slapshot by Dustin Jeffrey.
2:07 of 3rd period - Stopped by Dustin Tokarski with a rebound.
2:09 of 3rd period - Slapshot by Rinat Valiev.
2:09 of 3rd period - Shot Misses the Net.
2:11 of 3rd period - Snap shot by Cristoval Nieves.
2:11 of 3rd period - Shot Misses the Net.
2:13 of 3rd period - Snap shot by Cristoval Nieves.
2:13 of 3rd period - Shot Misses the Net.
2:58 of 3rd period - Wrist shot by Dustin Jeffrey.
2:58 of 3rd period - Stopped by Dustin Tokarski with a rebound.
3:00 of 3rd period - Snap shot by Ryan Hartman.
3:00 of 3rd period - Stopped by Dustin Tokarski with a rebound.
3:02 of 3rd period - Slapshot by Ryan Hartman.
3:02 of 3rd period - Stopped by Dustin Tokarski without a rebound.
3:03 of 3rd period - Cristoval Nieves wins face-off versus Seth Griffith in Gangsters zone.
3:24 of 3rd period - Reid McNeill is hit by Tomas Hertl.
3:34 of 3rd period - Slapshot by Tomas Hertl.
3:34 of 3rd period - Shot Misses the Net.
3:50 of 3rd period - Snap shot by Tomas Kubalik.
3:50 of 3rd period - Stopped by Dustin Tokarski with a rebound.
4:09 of 3rd period - Icing by Devante Smith-Pelly.
4:10 of 3rd period - Maxime Sauvé wins face-off versus Calle Jarnkrok in Gangsters zone.
4:29 of 3rd period - Snap shot by Maxime Sauvé.
4:29 of 3rd period - Goal by Maxime Sauvé - Gangsters : 2 - Harfangs : 3.
4:30 of 3rd period - Calle Jarnkrok wins face-off versus Maxime Sauvé in neutral zone.
4:35 of 3rd period - Snap shot by Calle Jarnkrok.
4:35 of 3rd period - Deflect By Jimmy Hayes.
4:35 of 3rd period - Shot Misses the Net.
4:35 of 3rd period - Puck is out of play.
4:36 of 3rd period - Maxime Sauvé wins face-off versus Calle Jarnkrok in Gangsters zone.
4:43 of 3rd period - Slapshot by Matt Delahey.
4:43 of 3rd period - Deflect By Devante Smith-Pelly.
4:43 of 3rd period - Shot Misses the Net.
4:43 of 3rd period - Puck is out of play.
4:44 of 3rd period - Calle Jarnkrok wins face-off versus Maxime Sauvé in Harfangs zone.
4:44 of 3rd period - Calle Jarnkrok is hit by Matt Delahey.
4:50 of 3rd period - Maxime Sauvé is hit by Jimmy Hayes and loses puck.
4:59 of 3rd period - Wrist shot by Dave Dziurzynski.
4:59 of 3rd period - Shot Blocked by Reid McNeill.
5:16 of 3rd period - Wrist shot by Andreas Martinsen.
5:16 of 3rd period - Stopped by Dustin Tokarski without a rebound.
5:17 of 3rd period - Maxime Sauvé wins face-off versus Oscar Sundqvist in Gangsters zone.
5:26 of 3rd period - Snap shot by Michael Bournival.
5:26 of 3rd period - Shot Misses the Net.
5:28 of 3rd period - Snap shot by Zac Leslie.
5:28 of 3rd period - Deflect By Tomas Kubalik.
5:28 of 3rd period - Shot Misses the Net.
5:28 of 3rd period - Puck is out of play.
5:29 of 3rd period - Maxime Sauvé wins face-off versus Tomas Kubalik in Gangsters zone.
5:45 of 3rd period - Icing by Patrik Nemeth.
5:46 of 3rd period - Maxime Sauvé wins face-off versus Calle Jarnkrok in Gangsters zone.
5:46 of 3rd period - Maxime Sauvé is hit by Dylan Olsen.
5:54 of 3rd period - Wrist shot by Dave Dziurzynski.
5:54 of 3rd period - Shot Misses the Net.
6:25 of 3rd period - Wrist shot by Devante Smith-Pelly.
6:25 of 3rd period - Shot Misses the Net.
6:27 of 3rd period - Slapshot by Morgan Ellis.
6:27 of 3rd period - Shot Blocked by Dylan Olsen.
6:29 of 3rd period - Wrist shot by Dave Dziurzynski.
6:29 of 3rd period - Goal by Dave Dziurzynski - Gangsters : 3 - Harfangs : 3.
6:30 of 3rd period - Calle Jarnkrok wins face-off versus Tomas Hertl in neutral zone.
6:39 of 3rd period - Snap shot by David Pope.
6:39 of 3rd period - Stopped by Anton Forsberg without a rebound.
6:40 of 3rd period - Calle Jarnkrok wins face-off versus Tomas Hertl in Harfangs zone.
6:47 of 3rd period - Snap shot by Tomas Hertl.
6:47 of 3rd period - Stopped by Anton Forsberg without a rebound.
6:48 of 3rd period - Calle Jarnkrok wins face-off versus Maxime Sauvé in Harfangs zone.
6:48 of 3rd period - Calle Jarnkrok is hit by Maxime Sauvé.
7:14 of 3rd period - Tomas Hertl is hit by Dylan Olsen and loses puck.
7:36 of 3rd period - Off-side.
7:37 of 3rd period - Alexander Wennberg wins face-off versus Colton Sissons in neutral zone.
8:02 of 3rd period - Calle Jarnkrok is hit by Dave Dziurzynski and loses puck.
8:07 of 3rd period - Slapshot by Devante Smith-Pelly.
8:07 of 3rd period - Shot Misses the Net.
8:09 of 3rd period - Snap shot by Devante Smith-Pelly.
8:09 of 3rd period - Stopped by Anton Forsberg with a rebound.
8:11 of 3rd period - Snap shot by Dave Dziurzynski.
8:11 of 3rd period - Shot Misses the Net.
8:13 of 3rd period - Wrist shot by Dave Dziurzynski.
8:13 of 3rd period - Stopped by Anton Forsberg without a rebound.
8:14 of 3rd period - Oscar Sundqvist wins face-off versus Tomas Hertl in Harfangs zone.
8:46 of 3rd period - Snap shot by Jimmy Hayes.
8:46 of 3rd period - Shot Blocked by Matt Delahey.
9:04 of 3rd period - Slapshot by Patrik Nemeth.
9:04 of 3rd period - Stopped by Anton Forsberg without a rebound.
9:05 of 3rd period - Alexander Wennberg wins face-off versus Colton Sissons in Harfangs zone.
9:54 of 3rd period - Snap shot by Brandon Pirri.
9:54 of 3rd period - Shot Misses the Net.
10:12 of 3rd period - Snap shot by Colton Sissons.
10:12 of 3rd period - Shot Blocked by Sebastian Collberg.
10:32 of 3rd period - Jujhar Khaira is hit by Alexander Wennberg and loses puck.
10:57 of 3rd period - Slapshot by Reid McNeill.
10:57 of 3rd period - Shot Misses the Net.
11:23 of 3rd period - Off-side.
11:24 of 3rd period - Maxime Sauvé wins face-off versus Calle Jarnkrok in neutral zone.
11:27 of 3rd period - Backhand shot by Morgan Ellis.
11:27 of 3rd period - Stopped by Anton Forsberg without a rebound.
11:28 of 3rd period - Calle Jarnkrok wins face-off versus Maxime Sauvé in Harfangs zone.
11:41 of 3rd period - Wrist shot by Calle Jarnkrok.
11:41 of 3rd period - Stopped by Dustin Tokarski without a rebound.
11:42 of 3rd period - Oscar Sundqvist wins face-off versus Maxime Sauvé in Gangsters zone.
11:45 of 3rd period - Snap shot by Tomas Kubalik.
11:45 of 3rd period - Shot Misses the Net.
11:47 of 3rd period - Wrist shot by Oscar Sundqvist.
11:47 of 3rd period - Shot Misses the Net.
11:49 of 3rd period - Slapshot by Michael Bournival.
11:49 of 3rd period - Stopped by Dustin Tokarski without a rebound.
11:50 of 3rd period - Maxime Sauvé wins face-off versus Oscar Sundqvist in Gangsters zone.
12:03 of 3rd period - Snap shot by Michael Bournival.
12:03 of 3rd period - Stopped by Dustin Tokarski with a rebound.
12:05 of 3rd period - Slapshot by Blake Heinrich.
12:05 of 3rd period - Stopped by Dustin Tokarski with a rebound.
12:18 of 3rd period - Off-side.
12:19 of 3rd period - Calle Jarnkrok wins face-off versus Tomas Hertl in neutral zone.
12:51 of 3rd period - Snap shot by Maxime Sauvé.
12:51 of 3rd period - Shot Misses the Net.
12:55 of 3rd period - Wrist shot by Maxime Sauvé.
12:55 of 3rd period - Shot Blocked by Brenden Kichton.
15:07 of 3rd period - Jonas Brodin is hit by Ryan Hartman and loses puck.
15:48 of 3rd period - Stefan Noesen is hit by Tomas Kubalik and loses puck.
16:12 of 3rd period - Calle Jarnkrok is hit by Tomas Hertl and loses puck.
18:14 of 3rd period - Slapshot by Brandon Pirri.
18:14 of 3rd period - Stopped by Dustin Tokarski with a rebound.
19:02 of 3rd period - Austen Brassard is hit by Rinat Valiev and loses puck.
Goals for this period are 2 for Gangsters vs 0 for Harfangs.
Shots for this period are 9 for Gangsters vs 11 for Harfangs.
Overtime #1
0:01 of 1st overtime period - Maxime Sauvé wins face-off versus Jimmy Hayes in neutral zone.
0:14 of 1st overtime period - Wrist shot by Tomas Hertl.
0:14 of 1st overtime period - Shot Misses the Net.
0:16 of 1st overtime period - Snap shot by Tomas Hertl.
0:16 of 1st overtime period - Shot Misses the Net.
0:46 of 1st overtime period - Wrist shot by Kevin Roy.
0:46 of 1st overtime period - Shot Misses the Net.
0:48 of 1st overtime period - Snap shot by Alexander Wennberg.
0:48 of 1st overtime period - Shot Misses the Net.
0:50 of 1st overtime period - Wrist shot by Alexander Wennberg.
0:50 of 1st overtime period - Goal by Alexander Wennberg - Gangsters : 4 - Harfangs : 3.
Goals for this period are 1 for Gangsters vs 0 for Harfangs.
Shots for this period are 1 for Gangsters vs 0 for Harfangs.
Back to the Top